 Dungeon Crawl Stone Soup version 0.30-a0-310-g7d6cbdfea6 (webtiles) character file.

Game seed: 9603296909304244006

27 flotson the Sneak (level 2, 0/24 HPs)
             Began as a Demonspawn Delver on Oct 24, 2022.
             Slain by an orc wizard
             ... wielding a +0 dagger
              (2 damage)
             ... on level 3 of the Dungeon.
             The game lasted 00:01:34 (251 turns).

flotson the Sneak (Demonspawn Delver)                Turns: 251, Time: 00:01:35

Health: 0/24       AC:  7    Str: 12    XL:     2   Next: 93%
Magic:  2/2        EV:  9    Int: 11    God:
Gold:   42         SH:  0    Dex: 14    Spells: 1/1 levels left

rFire   . . .      SeeInvis .    a - +0 hand axe
rCold   . . .      Faith    .    (no shield)
rNeg    . . .      Spirit   .    i - +0 scale mail
rPois   .          Reflect  .    (no helmet)
rElec   .          Harm     .    b - +0 cloak
rCorr   .          Rampage  .    (no gloves)
Will    .....                    (no boots)
Stlth   +.........               (no amulet)
HPRegen 0.24/turn                (no ring)
MPRegen 0.16/turn                (no ring)

@: hasted, very quick
A: magic regeneration
a: no special abilities


You were on level 3 of the Dungeon.
You visited 1 branch of the dungeon, and saw 3 of its levels.

You collected 42 gold pieces.

Inventory:

Hand Weapons
 a - a +0 hand axe (weapon)
Armour
 b - a +0 cloak (worn)
 i - a +0 scale mail (worn)
Wands
 g - a wand of digging (3)
Scrolls
 c - a scroll of fog


   Skills:
 + Level 3.3 Fighting
 - Level 1.7 Axes
 + Level 1.0 Armour
 + Level 2.2 Dodging
 - Level 4.5 Stealth
 + Level 1.1 Evocations


You had one spell level left.
You didn't know any spells.
Your spell library was empty.

Dungeon Overview and Level Annotations

Branches:
Dungeon (5/15)
 Temple: D:4-7

Altars:
Kikubaaqudgha

Shops:
D:5 :


Innate Abilities, Weirdness & Mutations

You regenerate magic rapidly.


Message History

The orc wizard is almost dead.
The orc wizard gestures wildly while chanting.
The orc wizard flickers and vanishes!
The orc wizard points at you and mumbles some strange words.
You are confused.
You bump into the rock wall.
The orc wizard casts a spell at you. The puff of flame hits you.
The orc wizard points at you and mumbles some strange words.
You are more confused.
You're too confused to move!
The orc wizard mumbles some strange words.
The orc wizard flickers and vanishes!
You hear some strange, mumbled words.
A magic dart appears from out of thin air!
The magic dart hits you.
* * * LOW HITPOINT WARNING * * *
You miss something. Something hits you but does no damage.
Something hits you but does no damage.
You barely miss something. Something hits you.
* * * LOW HITPOINT WARNING * * *
You hear the slow rusting of a distant drain.
Something hits you.
* * * LOW HITPOINT WARNING * * *
You're too confused to move!
You miss something.
A magic dart appears from out of thin air!
The magic dart hits something!
Reactivating autopickup.
You feel a bit more experienced.
Your Armour skill increases to level 1!
Your Dodging skill increases to level 2!
Your Evocations skill increases to level 1!
You have reached level 2!
Your demonic ancestry asserts itself...
Your magic begins to regenerate rapidly.
You bump into the rock wall.
You feel less confused. Something hits you.
You die...

*,*,**,**,,,,,,,,,,*,,,,,* *,
*,*,**,,*,,,,,,,,,,*,,,,,* *,
*,*,,,,,,,,,,,,*****,,,,,****,
*,**********,*,,,,,+,,,,,+,,,,
**,******** *,*******,,,,,****,
*,,,,,,,,,* *,* *,,,,,,,* *,
*,,,,,,,,,*##+#####,,,,**** *,
*,,,,,,,,,*#...{).#,,,,* *,
*,,,,,,,,,*#..@##.###### *,
*,,,,,,,,,*#...##.....S# *,
*,,,,,,,,,*#...#######.#######,
**,,,,,,,,,*#...# #........,
*,,,,,,,,,**#(..# #o..#####,
*,,,,,,,,,* ##### #.#.#****,
*,,,,,,,,,******** #S#...,,*,
***+********,,,,,* #.#####.#,
***,********,,,,,* ###...r....,


There were no monsters in sight!

Vanquished Creatures
  A dart slug (D:4)
  An orc (D:3)
  A quokka (D:3)
  A ball python (D:3)
  A kobold (D:5)
5 creatures vanquished.

Vanquished Creatures (others)
  An orc wizard (D:3)
1 creature vanquished.

Grand Total: 6 creatures vanquished

Notes
Turn   | Place    | Note
-------+----------+-------------------------------------------
     0 | D:5      | flotson the Demonspawn Delver began the quest for the Orb.
     0 | D:5      | Reached XP level 1. HP: 18/18 MP: 1/1
    18 | D:5      | Found Loloubbaqume's Book Boutique.
    75 | D:5      | Found an ancient bone altar of Kikubaaqudgha.
   192 | D:3      | Noticed an orc wizard
   222 | D:3      | Noticed an orc wizard
   247 | D:3      | Killed an orc wizard
   248 | D:3      | Reached skill level 1 in Armour
   248 | D:3      | Reached skill level 1 in Evocations
   248 | D:3      | Gained mutation: You regenerate magic rapidly. [demonic
                  | ancestry]
   248 | D:3      | Reached XP level 2. HP: 1/24 MP: 2/2
   251 | D:3      | Slain by an orc wizard

Illustrated notes

Levels and vault maps discovered:
D:3:      layout_basic, cheibrodos_sewer_entry_bend
D:4:      layout_loops_ring, minitemple, lemuel_doored_altar
D:5:      kennysheep_big_flooded_room, layout_rooms,
          mainiacjoe_overflow_small_starburst, minmay_temple_entry_glassed_door,
          serial_shops, shop

Skill      XL: |  1 |
---------------+----+-----
Armour         | 1 |  1.0
Dodging        | 2 |  2.2
Evocations     | 1 |  1.1
Fighting       | |  3.3
Axes           | |  1.7
Stealth        | |  4.5

Action                   || total
-------------------------++-------
Melee: Hand axe          ||    28
  Use: Scroll            ||     2
       Potion            ||     1
Armor: Scale mail        ||    15
       Chain mail        ||     1
Dodge: Dodged            ||     8

Table legend: (Time is in decaauts)
 A = Elapsed time spent in this place.
 B = Non-inter-level travel time spent in this place.
 C = Inter-level travel time spent in this place.
 D = Time resting spent in this place.
 E = Time spent auto-exploring this place.
 F = Levels seen in this place.
 G = Mean time per level.
                   A        B        C        D        E       F      G
               +--------+--------+--------+--------+--------+-----+--------+
         Total |    247 |    225 |     22 |      0 |     85 |   3 |   82.3 |
       Dungeon |    247 |    225 |     22 |      0 |     85 |   3 |   82.3 |
               +--------+--------+--------+--------+--------+-----+--------+

Top non-repeatable levels by time:
     D:5: 137 daAuts
     D:4: 56 daAuts
     D:3: 53 daAuts
